 Dungeon Crawl Stone Soup version 0.29-a0-459-g97dee8cd24 (webtiles) character file.

Game seed: 14726772099019617977

55 holysushi the Cutter (level 3, -1/26 HPs)
             Began as an Octopode Monk on May 20, 2022.
             Slain by a goblin
             ... wielding a +0 dagger
             ... led by Robin
              (4 damage)
             ... on level 2 of the Dungeon.
             The game lasted 00:01:08 (1070 turns).

holysushi the Cutter (Octopode Monk)                Turns: 1070, Time: 00:01:08

Health: -1/26      AC:  1    Str: 10    XL:     3   Next: 93%
Magic:  3/3        EV: 14    Int: 12    God:
Gold:   44         SH:  0    Dex: 16    Spells: 2/2 levels left

rFire   . . .      SeeInvis .   i - +1 dagger (venom)
rCold   . . .      Faith    .   (no shield)
rNeg    . . .      Spirit   .   (helmet restricted)
rPois   .          Reflect  .   (no amulet)
rElec   .          Harm     .   (no ring)
rCorr   .          Rampage  .   (no ring)
Will    .....                   (no ring)
Stlth   +++.......              (no ring)
HPRegen 0.08/turn               (no ring)
MPRegen 0.08/turn               (no ring)
                                (no ring)
                                (no ring)

@: no status effects
A: almost no armour, amphibious, 8 rings, camouflage 1, gelatinous body 1,
(nimble swimmer 1), tentacles
a: no special abilities


You were on level 2 of the Dungeon.
You visited 1 branch of the dungeon, and saw 2 of its levels.

You collected 44 gold pieces.

Inventory:

Hand Weapons
 a - a +0 short sword
 i - a +1 dagger of venom (weapon)
Jewellery
 d - a ring of see invisible
Scrolls
 c - a scroll of immolation {unknown}
 e - 2 scrolls of identify {unknown}
 f - 2 scrolls of poison {unknown}
 h - a scroll of vulnerability {unknown}
Potions
 b - a potion of ambrosia
 g - a potion of curing {unknown}


   Skills:
 - Level 3.0 Fighting
 + Level 3.9 Short Blades
 + Level 3.9 Dodging
 - Level 2.6 Stealth


You had 2 spell levels left.
You didn't know any spells.
Your spell library was empty.

Dungeon Overview and Level Annotations

Branches:
Dungeon (2/15)

Altars:

Annotations:
D:2 Robin


Innate Abilities, Weirdness & Mutations

You cannot wear most types of armour.
You are amphibious.
You can wear up to eight rings at the same time.
Your skin changes colour to match your surroundings (Stealth+).
Your rubbery body absorbs attacks. (AC +1, EV +1)
((You are camouflaged when in or above water. (Stealth+)))
You have tentacles for arms and can constrict up to eight enemies at once.


Message History

You hit the goblin.
You kill the goblin!
Things that are here:
a +0 dagger; a +0 hunting sling; a goblin corpse
Items here: ))))) ††.
Okay, then.
i - a +1 dagger of venom Your +1 dagger of venom begins to drip with poison!
i - a +1 dagger of venom (weapon)
You swing at nothing.
You hit the hobgoblin.
The hobgoblin is poisoned.
Your grab misses the hobgoblin.
The hobgoblin is severely wounded.
The hobgoblin closely misses you.
You hit the hobgoblin.
You kill the hobgoblin!
The goblin closely misses you.
Items here: )))) †††.
You barely miss the goblin. You grab the goblin. You squeeze the goblin.
You kill the goblin!
The goblin hits you with a +0 dagger. The hobgoblin closely misses you.
Robin roars a battlecry!
The goblins go into a battle-frenzy!
The goblin barely misses you.
Items here: ))) †.
You hit the goblin.
The goblin is poisoned.
Your grab misses the goblin.
The goblin is severely wounded.
The hobgoblin hits you. The goblin hits you with a +0 dagger.
Unknown command.
You hit the hobgoblin.
The hobgoblin is poisoned.
Your grab misses the hobgoblin.
Your tentacle-slap misses the hobgoblin.
The hobgoblin is moderately wounded.
The hobgoblin hits you.
* * * LOW HITPOINT WARNING * * *
Robin hits you from afar with a +0 spear.
* * * LOW HITPOINT WARNING * * *
The goblin hits you with a +0 dagger.
You die...

.. ..gg ... ... $.. ..# .##.# #.#
.....###.# ## #......# ..# #.#
...##.g## #..# ##.## #gg#####
...# #...# #.@)...# ...... #.#.#
#.####.######..#... ##.#.##
...####............. #..#..#
...........##.†.......
##.###.##....####..#####.........
#..#.#..####. #....####..........
..##.##...####..##.#....####.###.
###...###....#####.#.#### .#
#......)####.........# #


You could see Robin, a hobgoblin (strong, very poisoned) and a goblin (strong,
very poisoned).

Vanquished Creatures
  A gnoll (D:1)
  An adder (D:2)
  A dart slug (D:1)
  3 bats (D:1)
  An endoplasm (D:2)
  A giant cockroach (D:1)
  5 hobgoblins
  A quokka (D:1)
  3 ball pythons (D:1)
  2 frilled lizards
  10 goblins
  2 kobolds (D:1)
  A rat (D:1)
32 creatures vanquished.

Notes
Turn   | Place    | Note
-------+----------+-------------------------------------------
     0 | D:1      | holysushi the Octopode Monk began the quest for the Orb.
     0 | D:1      | Reached XP level 1. HP: 16/16 MP: 1/1
   239 | D:1      | Found a faded altar of an unknown god.
   301 | D:1      | Reached XP level 2. HP: 21/21 MP: 2/2
   599 | D:1      | Reached XP level 3. HP: 26/26 MP: 3/3
  1029 | D:2      | Noticed Robin
  1070 | D:2      | Slain by a goblin

Illustrated notes

Levels and vault maps discovered:
D:1:      lightli_molten_gateway, layout_basic, basic_ecumenical_altar,
          minmay_tetromino_t2
D:2:      minmay_general_purpose_star, layout_rooms, minmay_strange_pillars,
          minmay_parallelograms, uniq_robin

Action                   || total
-------------------------++-------
Melee: Short sword       ||    53
       Constrict         ||    15
       Tentacles         ||    13
       Dagger            ||     5
 Stab: Sleeping          ||     4
Armor: Skin              ||     2
Dodge: Dodged            ||    43

Table legend: (Time is in decaauts)
 A = Elapsed time spent in this place.
 B = Non-inter-level travel time spent in this place.
 C = Inter-level travel time spent in this place.
 D = Time resting spent in this place.
 E = Time spent auto-exploring this place.
 F = Levels seen in this place.
 G = Mean time per level.
                   A        B        C        D        E       F      G
               +--------+--------+--------+--------+--------+-----+--------+
         Total |   1064 |   1049 |     15 |      6 |    842 |   2 |  532.0 |
       Dungeon |   1064 |   1049 |     15 |      6 |    842 |   2 |  532.0 |
               +--------+--------+--------+--------+--------+-----+--------+

Top non-repeatable levels by time:
     D:1: 914 daAuts
     D:2: 150 daAuts
